 Dungeon Crawl Stone Soup version 0.31.0-9-g3a7656b989 (webtiles) character file.

Game seed: 17393303726425522309

196 qw the Shooter (level 5, 0/26 HPs)
             Began as a Spriggan Hunter on Feb 2, 2024.
             Slain by a gnoll
             ... wielding a +0 spear
              (7 damage)
             ... on level 4 of the Dungeon.
             The game lasted 00:00:11 (2774 turns).

qw the Shooter (Spriggan Hunter)                    Turns: 2774, Time: 00:00:11

Health: 0/26       AC:  4    Str:  7    XL:     5   Next: 46%
Magic:  6/6        EV: 20    Int: 10    God:
Gold:   308        SH:  0    Dex: 21    Spells: 4/4 levels left

rFire   . . .        a - +0 shortbow
rCold   . . .        (shield currently unavailable)
rNeg    . . .        c - +0 robe
rPois   .            (helmet restricted)
rElec   .            f - +1 cloak {Will+}
rCorr   .            (gloves unavailable)
SInv    +            (boots unavailable)
Will    +....        (no amulet)
Stlth   ++           (no ring)
HPRegen 0.24/turn    (no ring)
MPRegen 0.10/turn

%: no passive effects
@: about to teleport, very quick
A: very small, no large weapons, unfitting armour, see invisible, speed 3
a: no special abilities


You were on level 4 of the Dungeon.
You visited 1 branch of the dungeon, and saw 4 of its levels.

You collected 308 gold pieces.


Innate Abilities, Weirdness & Mutations

You are very small and have problems with some larger weapons.
You are too small for most types of armour.
You have supernaturally acute eyesight. (SInv)
You cover ground extremely quickly. (Speed+++)


   Skills:
 - Level 2.1 Fighting
 + Level 5.6 Ranged Weapons
 - Level 5.0 Dodging
 - Level 1.5 Stealth


You had 4 spell levels left.
You didn't know any spells.
Your spell library was empty.

Inventory:

Hand Weapons
 a - a +0 shortbow (weapon)
Armour
 c - a +0 robe (worn)
 f - a +1 cloak of willpower (worn)
Wands
 h - a wand of flame (17)
Scrolls
 b - a scroll of acquirement {unknown}
 g - a scroll of enchant armour {unknown}
 j - a scroll of identify
Potions
 d - 2 potions of resistance
 e - a potion of haste
 i - a potion of mutation

Dungeon Overview and Level Annotations

Branches:
Dungeon (4/15)
 Temple: D:4-7

Altars:
Ashenzari
Elyvilon
Fedhas
Gozag
Kikubaaqudgha
Ru
Xom
Yredelemnul
Zin
The Shining One


Message History

3 gnolls come into view.
A gnoll is wielding a +0 whip and quivering a throwing net.
Found a pink potion.
Found a stone staircase leading up.
The gnoll shouts! x2
The gnoll moves out of view.
A gnoll comes into view. It is wielding a +0 flail.
You shoot an arrow. The arrow barely misses the gnoll.
The gnoll hits you from afar with a +0 spear.
The gnoll misses you.
You shoot an arrow. The arrow hits the gnoll.
The gnoll is moderately wounded.
The gnoll hits you with a +0 whip. The gnoll misses you.
You shoot an arrow. The arrow hits the gnoll.
The gnoll is severely wounded.
The gnoll hits you with a +0 whip!
You shoot an arrow. The arrow hits the gnoll.
The gnoll is severely wounded.
The gnoll completely misses you.
You shoot an arrow. The arrow hits the gnoll.
You kill the gnoll!
The gnoll hits you from afar with a +0 spear.
You shoot an arrow. The arrow hits the gnoll!
The gnoll is almost dead.
The gnoll hits you with a +0 flail. The gnoll closely misses you.
You shoot an arrow. The arrow hits the gnoll.
The gnoll is almost dead.
The gnoll misses you.
The gnoll hits you from afar with a +0 spear.
2772 ||| READING scroll of teleportation.
As you read the scroll of teleportation, it crumbles to dust.
You feel strangely unstable. The gnoll closely misses you.
The gnoll completely misses you. The gnoll barely misses you.
You shoot an arrow. The arrow barely misses the gnoll.
The arrow hits the gnoll!
The gnoll is severely wounded.
The gnoll barely misses you. x2; The gnoll closely misses you.
You shoot an arrow. The arrow barely misses the gnoll. x2
The gnoll misses you.
The gnoll hits you from afar with a +0 spear!
You die...

###### #..@g#********* #####
#.##g......,,,* #...#
#.#*.g.....,,,* **** #...#
#.#,..$...!,,,* *,,,
####...##### #.#,.......,,,*
#...
.#.........###.#,.......,,,*
#...
.##....##....#.#,##....#****
#...
.......##..#.#.#,**.#<.#
#...
.......#####.#(#,**,*,,*
####...


You could see 3 gnolls.

Vanquished Creatures
  2 hounds
  Jessica (D:3)
  An orc wizard (D:4)
  A gnoll (D:4)
  3 adders
  5 orcs
  6 endoplasms
  3 giant cockroaches
  5 goblins
  2 hobgoblins
  3 jackals (D:3)
  8 kobolds
  3 ball pythons
  3 bats
  2 rats
48 creatures vanquished.

Notes
Turn   | Place    | Note
-------+----------+-------------------------------------------
     0 | D:1      | qw the Spriggan Hunter began the quest for the Orb.
     0 | D:1      | Reached XP level 1. HP: 10/10 MP: 2/2
     0 | D:1      | 0 ||| qw: Version: 0.3-a-155-g5e7d8dd
     0 | D:1      | 0 ||| qw: Game counter: 2498
     0 | D:1      | 0 ||| qw: Melee chars always use a shield: true
     0 | D:1      | 0 ||| qw: God list: Okawaru
     0 | D:1      | 0 ||| qw: Allow faded altars: false
     0 | D:1      | 0 ||| qw: Do Orc after clearing Dungeon:15 true
     0 | D:1      | 0 ||| qw: Do second Lair branch before Depths: true
     0 | D:1      | 0 ||| qw: Lair rune preference: random
     0 | D:1      | 0 ||| qw: Goals: Normal
     0 | D:1      | 0 ||| PLANNING D:1-11
    36 | D:1      | Reached skill level 3 in Dodging
   206 | D:1      | Found a faded altar of an unknown god.
   235 | D:1      | Reached XP level 2. HP: 14/14 MP: 3/3
   468 | D:1      | 468 ||| READING scroll labelled FUDDACYEDEADD.
   472 | D:1      | 472 ||| DRINKING 2 bubbling dark potions.
   473 | D:1      | 473 ||| DRINKING 2 amethyst potions.
   474 | D:1      | 474 ||| DRINKING 2 fuming red potions.
   475 | D:1      | 475 ||| DROPPING scroll of butterflies.
   615 | D:2      | Reached XP level 3. HP: 18/18 MP: 4/4
   823 | D:2      | Found the +7 Kryia's mail coat {PotionHeal*2 rC+}
   913 | D:2      | You fall into a shaft and drop 2 floors!
   929 | D:4      | Reached XP level 4. HP: 22/22 MP: 5/5
   983 | D:4      | HP: 2/22 [orc wizard/magic dart (8)]
  1156 | D:4      | 1156 ||| READING 2 scrolls labelled LUWORU YCOALO.
  1156 | D:4      | 1156 ||| IDENTIFYING black potion
  1157 | D:4      | 1157 ||| READING scroll of identify.
  1157 | D:4      | 1157 ||| IDENTIFYING fuming pink potion
  1158 | D:4      | 1158 ||| READING 2 scrolls labelled ANIKUU BEODOA.
  1159 | D:4      | 1159 ||| READING scroll labelled RUBBUS BYSEDU.
  1160 | D:4      | 1160 ||| READING scroll labelled NUXTAA TESMY.
  1161 | D:4      | 1161 ||| DROPPING potion of ambrosia.
  1162 | D:4      | 1162 ||| DROPPING potion of brilliance.
  1163 | D:4      | 1163 ||| DROPPING scroll of blinking.
  1165 | D:4      | 1165 ||| Stepping ~*~*~tactically~*~*~ (cloud).
  1166 | D:4      | 1166 ||| DRINKING potion of curing.
  1166 | D:4      | 1166 ||| (to cure poison)
  1168 | D:4      | 1168 ||| Stepping ~*~*~tactically~*~*~ (cloud).
  1174 | D:4      | HP: 5/22 [poisoned by you (poison gas)]
  1178 | D:4      | HP: 2/22 [poisoned by you (poison gas)]
  1308 | D:3      | Found a basalt altar of Yredelemnul.
  1433 | D:2      | Found a glowing golden altar of the Shining One.
  1756 | D:3      | Reached XP level 5. HP: 20/26 MP: 6/6
  1856 | D:3      | Found a white marble altar of Elyvilon.
  1900 | D:3      | Found an ancient bone altar of Kikubaaqudgha.
  1901 | D:3      | Found a blossoming altar of Fedhas.
  1901 | D:3      | Found a broken altar of Ashenzari.
  1902 | D:3      | Found a glowing silver altar of Zin.
  1902 | D:3      | Found a sacrificial altar of Ru.
  1924 | D:3      | Found a shimmering altar of Xom.
  1971 | D:3      | Noticed Jessica
  1973 | D:3      | Killed Jessica
  2246 | D:3      | 2246 ||| UPGRADING to +1 cloak of willpower.
  2251 | D:3      | 2251 ||| READING 2 scrolls of identify.
  2251 | D:3      | 2251 ||| IDENTIFYING fuming emerald potion
  2252 | D:3      | 2252 ||| READING scroll of identify.
  2252 | D:3      | 2252 ||| IDENTIFYING cyan potion
  2253 | D:3      | 2253 ||| READING scroll labelled SILAAFOSTA.
  2254 | D:3      | 2254 ||| READING scroll labelled EGA BENEOWNERPH.
  2355 | D:3      | 2355 ||| DROPPING potion of lignification.
  2509 | D:4      | Found an opulent altar of Gozag.
  2771 | D:4      | HP: 6/26 [gnoll/+0 spear (3)]
  2772 | D:4      | 2772 ||| READING scroll of teleportation.
  2774 | D:4      | Slain by a gnoll

Levels and vault maps discovered:
D:1:      lemuel_arrival_room, layout_rooms,
          hellmonk_ecumenical_altar_inner_sanctum, supply_closet_lemuel
D:2:      layout_loops_corners, basic_altar, minivault_19
D:3:      layout_rooms, grunt_temple_overflow_open, overflow_temple_1_default,
          mainiacjoe_overflow_chevrons, marbit_many_paths,
          minmay_misc_feat_diagonals, minmay_misc_feat_square, uniq_jessica
D:4:      layout_basic, amcnicky_altar_gilded

Skill      XL: |  1  2  3  4 |
---------------+-------------+-----
Dodging        | 3 4 5 |  5.0
Ranged Weapons | 5 |  5.6
Fighting       | 2 |  2.1
Stealth        | |  1.5

Action                     |  1- 3 |  4- 6 || total
---------------------------+-------+-------++-------
   Fire: Shortbow          |    53 |    77 ||   130
    Use: Potion            |     3 |     1 ||     4
         Scroll            |     1 |    10 ||    11
 Armour: Robe              |     1 |    21 ||    22
  Dodge: Dodged            |     8 |    62 ||    70

Table legend:
 A = Non-vault XP
 B = Vault XP
 C = Vault XP percentage of total XP
 D = Non-vault monster count
 E = Vault monster count
 F = Vault count percentage of total count
                 A         B        C        D         E       F
            +---------+---------+-------+---------+---------+-------
      Total |     242 |      39 |  13.9 |      46 |       2 |   4.2
            +---------+---------+-------+---------+---------+-------
        D:1 |      22 |       0 |   0.0 |      13 |       0 |   0.0
        D:2 |      40 |       0 |   0.0 |      10 |       0 |   0.0
        D:3 |      62 |      39 |  38.6 |      12 |       2 |  14.3
        D:4 |     118 |       0 |   0.0 |      11 |       0 |   0.0
            +---------+---------+-------+---------+---------+-------
